 Dungeon Crawl Stone Soup version 0.31-a0-176-g91f28db67f (webtiles) character file.

Game seed: 3173575457800162028

6852 Hajna the Cleaver (level 11, -2/97 HPs)
             Began as a Hill Orc Monk on June 17, 2023.
             Was an Elder of Beogh.
             Killed by divine providence
             ... invoked by Saint Roka
              (12 damage)
             ... on level 2 of the Orcish Mines on June 18, 2023.
             The game lasted 00:44:50 (9110 turns).

Hajna the Cleaver (Hill Orc Monk)                   Turns: 9110, Time: 00:44:51

Health: -2/97      AC: 14    Str: 23    XL:     11   Next: 6%
Magic:  12/15      EV: 13    Int:  9    God:    Beogh [****..]
Gold:   758        SH:  0    Dex: 12    Spells: 9/12 levels left

rFire   . . .        M - +6 battleaxe (freeze)
rCold   . . .        (shield currently unavailable)
rNeg    + . .        R - +0 steam dragon scales
rPois   .            e - +0 helmet
rElec   .            O - +2 cloak
rCorr   .            h - +0 pair of gloves
SInv    .            H - +0 pair of boots
Will    .....        L - amulet of faith
Stlth   ++           x - ring of flight
HPRegen 0.36/turn    v - ring of positive energy
MPRegen 0.14/turn

%: faith
@: flying, invisible
A: talons 1, screaming 1, strong 1
a: Renounce Religion, Smiting, Recall Orcish Followers


You were on level 2 of the Orcish Mines.
You worshipped Beogh.
Beogh was greatly pleased with you.
You visited 2 branches of the dungeon, and saw 11 of its levels.
You also visited: Ossuary.

You collected 758 gold pieces.

Inventory:

Hand Weapons
 a - a +1 hand axe of protection
 l - a +0 broad axe
 G - a +0 hand axe of venom
 M - a +6 battleaxe of freezing (weapon)
Missiles
 i - 32 poisoned darts
 j - 4 atropa-tipped darts
 o - 4 curare-tipped darts
 p - 21 boomerangs
 z - 3 throwing nets
Armour
 d - an orb of light
 e - a +0 helmet (worn)
 g - a +2 leather armour of fire resistance
 h - a +0 pair of gloves (worn)
 k - a +1 plate armour
 H - a +0 pair of boots (worn)
 O - a +2 cloak (worn)
 R - +0 steam dragon scales (worn)
 V - a scarf of harm
Magical Staves
 b - a staff of cold
Jewellery
 f - an amulet of magic regeneration
 m - a +6 ring of intelligence
 v - a ring of positive energy (right hand)
 x - a ring of flight (left hand)
 y - a ring of positive energy
 E - a ring of positive energy
 L - an amulet of faith (around neck)
 U - a ring of resist corrosion
Wands
 c - a wand of flame (11)
 Q - a wand of roots (9)
Scrolls
 n - 2 scrolls of vulnerability
 t - 4 scrolls of teleportation
 u - a scroll of amnesia
 A - a scroll of poison
 B - 2 scrolls of immolation
 F - 2 scrolls of fog
 S - a scroll of identify
 T - a scroll of blinking {unknown}
 W - a scroll of brand weapon
Potions
 r - 4 potions of haste
 w - 3 potions of brilliance
 C - 4 potions of curing
 D - 2 potions of ambrosia
 I - a potion of magic {unknown}
 J - a potion of resistance {unknown}
 K - a potion of mutation
 N - a potion of attraction {unknown}
 P - a potion of might {unknown}


   Skills:
 + Level 9.2 Fighting
 + Level 14.1 Axes
 + Level 1.0 Throwing
 + Level 8.5 Armour
 + Level 3.8 Dodging
 + Level 1.4 Stealth
 + Level 1.1 Spellcasting
 + Level 1.1 Transmutations
 * Level 6.5 Invocations


You had 9 spell levels left.
You knew the following spells:

 Your Spells              Type           Power      Damage    Failure   Level
a - Beastly Appendage     Tmut           4%         N/A       22%         1
b - Wereblood             Tmut           2%         N/A       34%         2

Your spell library contained the following spells:

 Spells                   Type           Power      Damage    Failure   Level
 Sting                    Tmut/Pois      4%         1d3       28%         1
 Freeze                   Ice            0%         1d3       36%         1
 Poisonous Vapours        Pois/Air       0%         N/A       50%         2
 Spider Form              Tmut/Pois      1%         N/A       65%         3
 Ignite Poison            Fire/Tmut/Pois 1%         N/A       67%         3
 Frozen Ramparts          Ice            0%         1d1       73%         3
 Hailstorm                Conj/Ice       0%         3d3       73%         3
 Olgreb's Toxic Radiance  Pois           0%         N/A       98%         4
 Sticky Flame             Conj/Fire      0%         2d3       98%         4
 Ignition                 Fire           0%         3d3       100%        8


Dungeon Overview and Level Annotations

Branches:
Dungeon (9/15)             Temple (0/1) D:4             Orc (2/2) D:9
Ossuary (visited)
   Lair: D:8-11         Elf: Orc:2

Altars:
Ashenzari
Dithmenos
Kikubaaqudgha
Makhleb
Ru
Trog
Vehumet
Wu Jian
Xom
The Shining One

Shops:
D:3 :   D:7 *   D:9 (

Annotations:
Orc:2 Saint Roka


Innate Abilities, Weirdness & Mutations

You have sharp toenails.
You occasionally shout uncontrollably at your foes.
Your muscles are strong. (Str +4, Int/Dex -1)


Message History

Your orc wizard gestures at the orc sorcerer while chanting.
The orc sorcerer easily resists.
Your orc wizard mumbles some strange words.
Your orc wizard flickers and vanishes for a moment.
The orc sorcerer barely misses your orc.
Saint Roka calls down the wrath of Beogh upon you.
Beogh smites you!
* * * LOW HITPOINT WARNING * * *
Your orc priest closely misses the hellwing.
Your orc hits Saint Roka with a +2 hand axe of venom.
Saint Roka is poisoned.
The hellwing hits you.
* * * LOW HITPOINT WARNING * * *
The hellwing hits you but does no damage.
Aiming: Smiting
Press: ? - help, Dir - move target, f - Saint Roka Smite: Saint Roka, wielding a +2 battleaxe of flaming and wearing a +3 chain mail of cold resistance (lightly wounded, very poisoned, ally target)
You smite Saint Roka!!
Saint Roka is moderately wounded.
Your orc closely misses Saint Roka.
Your orc wizard misses the orc sorcerer.
The orc sorcerer hits your orc with a +0 dagger!
Your orc dies!
Saint Roka hits your orc warrior with a +2 battleaxe of flaming!!
Saint Roka burns your orc warrior!
Your orc warrior dies!
Saint Roka hits your orc wizard with a +2 battleaxe of flaming!!
Saint Roka burns your orc wizard.
Your orc wizard dies!
Saint Roka completely misses you.
Your orc priest hits the hellwing but does no damage.
The hellwing hits you!
* * * LOW HITPOINT WARNING * * *
The hellwing hits you but does no damage.
You fade into invisibility!
Your orc wizard hits the orc sorcerer but does no damage.
Saint Roka says, "I shall smite you and smash you."
Saint Roka invokes the aid of Beogh against you.
Beogh smites you!
You die...
Beogh appreciates Saint Roka's killing of a heretic priest.

..............##.....#.......#..
#..#.........##..)..............
........#......))...............
...........#§#..)...............
..............))...............#
.............)§o.#.........#.#.#
.............o§){).........#
.......)......##ooo........##
...............#@)).........#
........#.....#4..)...#.##.##
............##.o.....).## ##
..<.........#.....##....#
..........o.............#
........#...............#
...#.....#.)...#.#......#
..............## .............##


You could see Saint Roka (unable to see you, very poisoned), a hellwing
(summoned, unable to see you), an orc sorcerer (strong, ally target), a friendly
orc priest, a friendly orc wizard (strong, invisible) and a friendly orc.

Vanquished Creatures
  2 two-headed ogres (D:9)
  Maggie (D:7)
  Grum (D:8)
  2 steam dragons
  A water moccasin (D:7)
  A black bear (D:6)
  3 orc warriors
  An ice beast (D:7)
  A sky beast (D:7)
  3 ogres
  2 wolves (D:8)
  The ghost of mmBingo the Trooper, an amateur DsFi (D:3)
  2 centaurs
  2 kobold brigands (D:7)
  A phantom (D:5)
  4 bullfrogs
  2 gnoll sergeants (D:8)
  2 scorpions
  6 wights
  4 killer bees (D:9)
  5 howler monkeys
  4 centaur zombies (Ossuary)
  3 hounds
  7 orc priests
  Crazy Yiuf (D:6)
  A jelly (D:6)
  A sleepcap (D:4)
  Jessica (D:2)
  An iguana (D:5)
  Terence (D:3)
  9 orc wizards
  6 mummies
  Robin (D:2)
  13 gnolls
  9 adders
  3 white imps
  2 worms
  4 dart slugs
  16 orcs
  2 bats (D:3)
  10 endoplasms
  A giant cockroach (D:2)
  13 goblins
  9 hobgoblins
  2 jackals (D:3)
  8 quokkas
  5 ball pythons
  2 frilled lizards
  5 hobgoblin zombies (Ossuary)
  16 kobolds
  26 rats
229 creatures vanquished.

Vanquished Creatures (collateral kills)
  The ghost of dricus the Basher, a journeyman GrFi of Okawaru (D:9)
  An orc sorcerer (Orc:2)
  4 orc warriors
  An ogre (Orc:2)
  A wolf (D:8)
  A centaur (D:9)
  A kobold brigand (D:7)
  3 wights (D:9)
  A gnoll bouda (D:9)
  An orc priest (D:9)
  3 gnolls
  7 orcs
25 creatures vanquished.

Vanquished Creatures (others)
  An orc knight (Orc:2)
  5 orc warriors
  2 orc sorcerers (Orc:2)
  5 orc priests
  An orc wizard (Orc:2)
  16 orcs
30 creatures vanquished.

Grand Total: 284 creatures vanquished

Notes
Turn   | Place    | Note
-------+----------+-------------------------------------------
     0 | D:1      | Hajna the Hill Orc Monk began the quest for the Orb.
     0 | D:1      | Reached XP level 1. HP: 19/19 MP: 1/1
   151 | D:1      | Reached XP level 2. HP: 27/27 MP: 2/2
   449 | D:1      | Reached XP level 3. HP: 31/33 MP: 3/3
   554 | D:1      | Found a faded altar of an unknown god.
  1014 | D:2      | Noticed Robin
  1026 | D:1      | Reached skill level 5 in Axes
  1054 | D:2      | Found an ancient bone altar of Kikubaaqudgha.
  1225 | D:2      | Killed Robin
  1226 | D:2      | Reached XP level 4. HP: 32/40 MP: 4/4
  1546 | D:2      | Reached skill level 1 in Stealth
  1653 | D:2      | Reached skill level 1 in Armour
  1726 | D:2      | Noticed Jessica
  1739 | D:2      | Killed Jessica
  1740 | D:2      | Reached skill level 6 in Axes
  1740 | D:2      | Reached XP level 5. HP: 46/46 MP: 5/5
  2228 | D:3      | Noticed Terence
  2249 | D:3      | Killed Terence
  2393 | D:3      | Found a runed translucent door.
  2394 | D:3      | Noticed mmBingo's ghost (amateur DsFi)
  2468 | D:3      | Found a shimmering altar of Xom.
  2497 | D:3      | Found a burning altar of Makhleb.
  2587 | D:3      | Found Tuageclao's Book Boutique.
  2701 | D:3      | Reached XP level 6. HP: 53/53 MP: 6/6
  2723 | D:3      | Found a glowing golden altar of the Shining One.
  3182 | D:3      | Killed mmBingo's ghost
  3291 | D:4      | Found a staircase to the Ecumenical Temple.
  3319 | D:4      | Reached skill level 7 in Axes
  3530 | D:4      | Reached XP level 7. HP: 49/60 MP: 7/7
  3707 | D:4      | Reached skill level 5 in Fighting
  3763 | D:4      | Found a radiant altar of Vehumet.
  3897 | D:5      | Entered Level 5 of the Dungeon
  4007 | D:5      | Found a sand-covered staircase.
  4023 | Ossuary  | Entered an ossuary
  4039 | Ossuary  | Reached skill level 8 in Axes
  4441 | D:5      | Reached XP level 8. HP: 61/69 MP: 8/8
  4450 | D:5      | Gained mutation: Your muscles are strong. (Str +4, Int/Dex
                  | -1) [potion of mutation]
  4450 | D:5      | Gained mutation: You occasionally shout uncontrollably at
                  | your foes. [potion of mutation]
  4450 | D:5      | Gained mutation: You have sharp toenails. [potion of
                  | mutation]
  4451 | D:5      | Upgraded the game from 0.31-a0-175-g9f7f995f2b to
                  | 0.31-a0-176-g91f28db67f
  4707 | D:5      | Reached skill level 5 in Armour
  4851 | D:5      | Found a shadowy altar of Dithmenos.
  5100 | D:6      | Reached skill level 9 in Axes
  5377 | D:6      | Found a runed translucent door.
  5378 | D:6      | Noticed Crazy Yiuf
  5383 | D:6      | Killed Crazy Yiuf
  5600 | D:6      | Became a worshipper of Beogh the Brigand
  5600 | D:6      | Reached * piety under Beogh
  5600 | D:6      | Reached ** piety under Beogh
  5625 | D:6      | Reached skill level 10 in Axes
  5845 | D:6      | Reached XP level 9. HP: 70/78 MP: 9/9
  6081 | D:7      | Reached *** piety under Beogh
  6130 | D:7      | Learned a level 1 spell: Beastly Appendage
  6133 | D:7      | Learned a level 2 spell: Wereblood
  6288 | D:7      | Found Wiva's Gadget Gallery.
  6293 | D:7      | Reached skill level 1 in Invocations
  6629 | D:7      | Reached skill level 11 in Axes
  6742 | D:7      | Noticed Maggie
  6753 | D:7      | Killed Maggie
  6902 | D:8      | Reached skill level 1 in Throwing
  7145 | D:8      | Noticed Grum
  7156 | D:8      | Reached skill level 12 in Axes
  7156 | D:8      | Reached XP level 10. HP: 44/88 MP: 12/12
  7170 | D:8      | Killed Grum
  7802 | D:9      | Reached **** piety under Beogh
  7885 | D:9      | Found a staircase to the Orcish Mines.
  7888 | D:9      | Gained Hilgar as an ally
  7891 | D:9      | Your ally Hilgar died
  7909 | D:9      | Found a bloodstained altar of Trog.
  7918 | D:9      | Noticed a two-headed ogre
  7923 | D:9      | Killed a two-headed ogre
  7924 | D:9      | Reached skill level 5 in Invocations
  7967 | D:9      | Found an ornate altar of the Wu Jian Council.
  8014 | D:9      | Reached skill level 13 in Axes
  8063 | D:9      | Found a runed translucent gate.
  8063 | D:9      | Found a runed translucent gate.
  8065 | D:9      | Found a runed translucent gate.
  8067 | D:9      | Found a broken altar of Ashenzari.
  8252 | D:9      | Found Lotsonos's Hydra Hut.
  8252 | D:9      | Noticed a six-headed hydra
  8293 | D:9      | Noticed a two-headed ogre
  8297 | D:9      | Killed a two-headed ogre
  8298 | D:9      | Reached skill level 1 in Spellcasting
  8366 | D:9      | Found a sacrificial altar of Ru.
  8373 | D:9      | Reached skill level 1 in Transmutations
  8510 | D:9      | Noticed dricus's ghost (journeyman GrFi)
  8535 | D:9      | Killed dricus's ghost
  8713 | Orc:1    | Entered Level 1 of the Orcish Mines
  8972 | Orc:2    | Entered Level 2 of the Orcish Mines
  9026 | Orc:2    | Noticed an orc sorcerer
  9090 | Orc:2    | Noticed an orc sorcerer
  9091 | Orc:2    | Noticed a smoke demon
  9093 | Orc:2    | Noticed Saint Roka
  9096 | Orc:2    | Noticed an orc sorcerer
  9099 | Orc:2    | Reached skill level 14 in Axes
  9099 | Orc:2    | Reached XP level 11. HP: 97/97 MP: 15/15
  9099 | Orc:2    | Noticed an orc sorcerer
  9099 | Orc:2    | Killed an orc sorcerer
  9099 | Orc:2    | Gained Horkud as an ally
  9100 | Orc:2    | Gained Thorok as an ally
  9104 | Orc:2    | Your ally Horkud died
  9105 | Orc:2    | Your ally Thorok died
  9110 | Orc:2    | Killed from afar by Saint Roka

Illustrated notes

Levels and vault maps discovered:
D:1:      lightli_arrival_windingriver, layout_basic, serial_glass,
          glass_columns_c, glass_columns_a, glass_columns_c, glass_columns_a,
          glass_columns_a, glass_columns_b, glass_columns_b, glass_columns_b,
          dilly_ecumenical_altar_fadedgnrine, palyth_stone_intersect,
          serial_bayou_crossing
D:2:      layout_loops_ring, basic_altar, serial_bayou, serial_bayou_lagoon_a,
          serial_bayou_pond_d, serial_bayou_pond_c, serial_bayou_pond_c,
          uniq_robin, uniq_jessica
D:3:      layout_basic, lemuel_round_altar, lemuel_crystal_altar,
          tso_metal_star, ebering_ghost_sewer_d, serial_shops,
          nicolae_shop_real_fake_doors, kennysheep_minor_cross, minmay_rat_hole,
          uniq_terence
D:4:      layout_basic, lemuel_doored_altar, temple_pool_b
D:5:      layout_loops_cross, kennysheep_little_box, gup_ossuary_entry_pyramid
D:6:      layout_loops_ring, uniq_crazy_yiuf_cottage
D:7:      layout_loops_cross, nicolae_shop_gadgets, uniq_maggie
D:8:      layout_rooms, uniq_grum
D:9:      layout_basic, mainiacjoe_overflow_surrounded_room,
          mainiacjoe_overflow_chevrons, mainiacjoe_overflow_large_starburst,
          david_orc_2, ebering_ghost_rock_garden, grunt_ministairs_8,
          doesnt_shop_hydraphobe
Orc:1:    layout_diamond_mine
Orc:2:    st_orc_pillars, layout_caves, uniq_saint_roka

Skill      XL: |  1  2  3  4  5  6  7  8  9 10 |
---------------+-------------------------------+-----
Fighting       | 4 5 6 7 9 |  9.2
Axes           | 5 6 7 8 10 12 14 | 14.1
Stealth        | 1 |  1.4
Armour         | 1 2 3 4 7 8 |  8.5
Dodging        | 3 |  3.8
Invocations    | 3 6 |  6.5
Throwing       | 1 |  1.0
Spellcasting   | 1 |  1.1
Transmutations | 1 |  1.1

Action                     |  1- 3 |  4- 6 |  7- 9 | 10-12 || total
---------------------------+-------+-------+-------+-------++-------
  Melee: Hand axe          |   162 |   253 |   195 |       ||   610
         Punch             |     3 |     4 |     2 |       ||     9
         Battleaxe         |       |       |   114 |    80 ||   194
         Kick              |       |       |       |     7 ||     7
         Headbutt          |       |       |       |     3 ||     3
  Throw: Dart              |     3 |     9 |     5 |       ||    17
   Cast: Beastly Appendage |       |       |       |     5 ||     5
 Invoke: Convert to Beogh  |       |       |     1 |       ||     1
         Smiting           |       |       |       |     5 ||     5
    Use: Scroll            |     2 |     9 |    12 |       ||    23
         Potion            |     2 |       |     2 |     3 ||     7
   Stab: Invisible         |     1 |       |       |       ||     1
         Distracted        |       |       |       |     1 ||     1
         Paralysed         |       |       |       |     1 ||     1
 Armour: Robe              |    12 |       |       |       ||    12
         Plate armour      |    67 |   180 |   265 |     3 ||   515
         Leather armour    |       |       |     2 |       ||     2
         Steam dragon scal |       |       |       |    25 ||    25
  Dodge: Dodged            |    61 |    57 |   109 |    61 ||   288

Table legend: (Time is in decaauts)
 A = Elapsed time spent in this place.
 B = Non-inter-level travel time spent in this place.
 C = Inter-level travel time spent in this place.
 D = Time resting spent in this place.
 E = Time spent auto-exploring this place.
 F = Levels seen in this place.
 G = Mean time per level.
                   A        B        C        D        E       F      G
               +--------+--------+--------+--------+--------+-----+--------+
         Total |   9168 |   8668 |    500 |      0 |   6585 |  12 |  764.0 |
       Dungeon |   8440 |   7985 |    455 |      0 |   6137 |   9 |  937.8 |
  Orcish Mines |    396 |    351 |     45 |      0 |    265 |   2 |  198.0 |
       Ossuary |    331 |    331 |      0 |      0 |    183 |   1 |  331.0 |
               +--------+--------+--------+--------+--------+-----+--------+

Top non-repeatable levels by time:
     D:1: 1177 daAuts
     D:2: 1090 daAuts
     D:7: 1065 daAuts
     D:3: 1003 daAuts
     D:6: 953 daAuts
     D:9: 913 daAuts
     D:8: 910 daAuts
     D:5: 663 daAuts
     D:4: 663 daAuts
 Ossuary: 331 daAuts
   Orc:1: 258 daAuts
   Orc:2: 137 daAuts
